 Dungeon Crawl Stone Soup version 0.20.1-1-g8b1a95d (webtiles) character file.

130 Irenicus the Insei (level 4, 0/40 HPs)
             Began as a Deep Dwarf Monk on Oct 19, 2017.
             Was a Believer of Makhleb.
             Killed by divine providence
             ... invoked by an orc priest
              (14 damage)
             ... on level 3 of the Dungeon.
             The game lasted 00:04:23 (1197 turns).

Irenicus the Insei (Deep Dwarf Monk)                Turns: 1197, Time: 00:04:23

Health: 0/40       AC:  2    Str: 14    XL:     4   Next: 89%
Magic:  2/2        EV: 14    Int: 11    God:    Makhleb [**....]
Gold:   131        SH:  0    Dex: 16    Spells: 3/3 levels left

rFire    . . .     SeeInvis .     - Unarmed
rCold    . . .     Gourm    .   (no shield)
rNeg     . . .     Faith    .   a - +0 robe
rPois    .         Spirit   .   (no helmet)
rElec    .         Reflect  .   (no cloak)
rCorr    .         Harm     .   (no gloves)
MR       .....                  (no boots)
Stlth    ++........             (no amulet)
Regen    0.0/turn               (no ring)
MPRegen  0.1/turn               (no ring)

@: non-regenerating
A: damage resistance, heal wounds, sense surroundings 1, no regeneration
a: Heal Wounds, Minor Destruction, Renounce Religion


You were on level 3 of the Dungeon.
You worshipped Makhleb.
Makhleb was pleased with you.
You were not hungry.

You visited 1 branch of the dungeon, and saw 3 of its levels.

You collected 131 gold pieces.

Inventory:

Armour
 a - a +0 robe (worn)
Wands
 j - a wand of flame (27/48)
Scrolls
 g - a scroll of remove curse
 h - a scroll of immolation
 i - 3 scrolls of identify
 l - a scroll of enchant weapon {unknown}
Potions
 c - a potion of lignification
 k - a potion of mutation {unknown}
 m - a potion of berserk rage {unknown}
Comestibles
 b - 2 bread rations
 d - 2 royal jellies
 f - a meat ration
 n - 4 fruits
 o - 5 chunks of flesh


   Skills:
 - Level 2.6 Fighting
 - Level 3.2 Dodging
 - Level 3.1 Stealth
 + Level 4.8 Unarmed Combat
 + Level 0.6 Invocations


You had 3 spell levels left.
You didn't know any spells.

Dungeon Overview and Level Annotations

Branches:
Dungeon (3/15)

Altars:
Makhleb


Innate Abilities, Weirdness & Mutations

You are resistant to damage.
You can heal yourself by infusing magical energy.
You passively map a small area around you.
You do not regenerate.


Message History

You hit the rat.
You kill the rat!
Makhleb accepts your kill.
You feel better. The orc hits you.
The orc priest hits you with a morningstar.
You hit the orc.
You kill the orc!
Makhleb accepts your kill.
You feel better.
You hit the orc priest.
The orc priest is lightly wounded.
The orc priest closely misses you.
You closely miss the orc priest.
The orc priest is lightly wounded.
The orc priest hits you with a morningstar!
You hit the orc priest.
The orc priest is moderately wounded.
The orc priest calls down the wrath of Beogh upon you.
Beogh smites you!
You die...

, , , ,, , *
. , , , * ..
,, ... , , ,
* *
#...########
,
#..........#
, #....@)..#
, ##..o<(..#
,* *
#.......# *
* * ,
#.......#
*#...!...# *
* #.........
,
#..<....###
, #########
* , ,


You could see an orc priest.

Vanquished Creatures
  Terence (D:2)
  A gnoll (D:1)
  3 adders (D:2)
  A dart slug (D:2)
  4 leopard geckos
  3 orcs (D:3)
  8 bats
  6 giant cockroaches
  6 hobgoblins
  4 jackals
  A ball python (D:1)
  8 frilled lizards
  6 goblins
  3 kobolds
  6 rats
61 creatures vanquished.

Notes
Turn   | Place    | Note
-------+----------+-------------------------------------------
     0 | D:1      | Irenicus the Deep Dwarf Monk began the quest for the Orb.
     0 | D:1      | Reached XP level 1. HP: 20/20 MP: 1/1
    50 | D:1      | HP: 1/20 [gnoll (6)]
    51 | D:1      | Reached skill level 3 in Unarmed Combat
    51 | D:1      | Reached XP level 2. HP: 1/27 MP: 2/2
   368 | D:1      | Reached XP level 3. HP: 29/33 MP: 2/2
   674 | D:2      | Found a burning altar of Makhleb.
   682 | D:2      | Became a worshipper of Makhleb the Destroyer
   682 | D:2      | Reached * piety under Makhleb
   682 | D:2      | Reached ** piety under Makhleb
   723 | D:2      | Reached skill level 4 in Unarmed Combat
   762 | D:2      | Reached XP level 4. HP: 11/40 MP: 3/3
  1003 | D:2      | Noticed Terence
  1036 | D:2      | Killed Terence
  1197 | D:3      | Killed from afar by an orc priest

Skill      XL: |  1  2  3 |
---------------+----------+-----
Unarmed Combat | 3 4 |  4.8
Stealth        | 3 |  3.1
Fighting       | |  2.6
Dodging        | |  3.2
Invocations    | |  0.6

Action                   |  1- 3 |  4- 6 || total
-------------------------+-------+-------++-------
Melee: Unarmed           |   161 |    78 ||   239
       Punch             |     2 |     1 ||     3
Invok: Minor Destruction |       |     6 ||     6
 Abil: Heal Wounds       |     1 |     3 ||     4
  Use: Scroll            |       |     3 ||     3
       Potion            |       |     1 ||     1
 Stab: Sleeping          |     5 |     1 ||     6
  Eat: Chunk             |       |     1 ||     1
Armor: Robe              |    19 |     4 ||    23
       Leather armour    |    18 |     3 ||    21
Dodge: Dodged            |   166 |    71 ||   237
